Map: Bridgehead LE (Void)

Players

imre - Winner!

  • Race: Terran Terran
  • League: Diamond

Saft

  • Race: Protoss Protoss
  • League: Diamond

VOD

Have the link to the VOD?

Description

Time

  • Played on: Oct. 17, 2015, 6:20 p.m.
  • Length: 9:41
Show
View Real Time Build Order
Export as new Build Order

imre Terran - Winner!

Build Orders: Reaper Expand, MMM Bio 

Get SALT Encoding   

  12  0:01  SCV  
  13  0:13  SCV  
  14  0:18  Supply Depot  
  14  0:25  SCV  
  15  0:40  SCV  
  15  0:42  Barracks  
  16  0:46  Refinery  
  16  0:52  SCV  
  18  1:04  SCV  
  18  1:16  SCV  
  19  1:29  Orbital Command  
  19  1:30  Reaper  
  20  1:40  Command Center  
  20  1:51  Barracks  
  20  1:56  SCV  
  21  2:03  Barracks Reactor  
  21  2:05  Supply Depot  
  21  2:08  SCV  
  22  2:15  Barracks  
  22  2:20  SCV  
  23  2:32  SCV  
  23  2:35  Engineering Bay  
  24  2:41  Marine x2  
  24  2:42  Barracks Tech Lab  
  26  2:48  SCV  
  26  2:50  Bunker  
  27  2:54  Orbital Command  
  27  3:02  Missile Turret, Marine  
  28  3:07  Marine x2  
  28  3:10  SCV  
  30  3:20  Marine  
  30  3:21  Stimpack  
  30  3:23  SCV  
  32  3:27  Marine  
  32  3:29  Marine  
  32  3:31  SCV  
  35  3:38  Supply Depot, Marine  
  35  3:43  SCV  
  35  3:45  SCV  
  35  3:46  Marine  
  38  3:49  Marine  
  38  3:51  Marine  
  40  3:59  SCV  
  40  4:00  SCV  
  40  4:01  Marine  
  43  4:04  Supply Depot  
  41  4:17  Marine x2  
  41  4:18  SCV  
  41  4:20  Marine  
  41  4:21  Marauder  
  47  4:26  SCV  
  48  4:31  Supply Depot  
  48  4:38  SCV x2  
  48  4:40  Factory, Refinery  
  50  4:50  Missile Turret  
  50  5:02  Marine x2  
  50  5:06  SCV  
  49  5:12  Marine x2  
  50  5:16  Barracks  
  50  5:17  SCV, Barracks  
  50  5:18  SCV  
  50  5:19  Marine  
  51  5:22  Marine  
  51  5:30  Marauder  
  51  5:32  Marine  
  46  5:37  SCV x2, Marine  
  46  5:41  Factory Reactor  
  46  5:42  Starport  
  46  5:51  Marine  
  46  5:52  Marine  
  46  5:53  SCV x2, Marauder  
  46  5:56  Refinery, Marine  
  52  5:57  Combat Shields  
  52  6:03  Missile Turret  
  52  6:05  Missile Turret  
  52  6:08  Marine x2  
  52  6:09  Marine x2  
  52  6:10  SCV  
  55  6:14  Marine x2  
  55  6:16  SCV  
  58  6:22  SCV  
  56  6:26  Marine x3  
  56  6:27  Marine  
  56  6:30  Viking x2  
  56  6:31  Marine  
  56  6:32  Marine  
  59  6:41  SCV x2  
  59  6:44  Marine x3  
  59  6:45  Marine  
  62  6:49  Supply Depot, Marine  
  62  6:50  Terran Infantry Weapons Level 1  
  62  6:53  SCV  
  64  6:54  Marine  
  64  7:00  Medivac  
  68  7:01  SCV  
  68  7:02  Marine  
  68  7:05  Marine  
  70  7:10  Marine x3  
  70  7:13  Supply Depot  
  70  7:15  Supply Depot, Refinery  
  69  7:22  Marine  
  69  7:23  Marine x2  
  69  7:24  Medivac  
  69  7:28  Marine x2  
  69  7:29  SCV x2  
  76  7:34  Marine  
  76  7:35  Medivac  
  78  7:40  Marine  
  78  7:41  Supply Depot, Marine x2  
  81  7:46  Marine  
  81  7:50  Barracks Reactor, Supply Depot  
  82  7:54  Marauder  
  84  8:04  Marine x3  
  87  8:06  Medivac  
  87  8:08  Barracks Tech Lab  
  87  8:12  SCV x2  
  89  8:17  Command Center  
  89  8:18  Supply Depot  
  89  8:23  Medivac, Marauder  
  93  8:28  Barracks Tech Lab, Marauder  
  93  8:29  Marine  
  96  8:37  Marine x3  
  99  8:44  Marine  
  99  8:45  Medivac  
  102  8:49  Concussive Shells  
  102  8:50  Marine x2  
  102  8:51  Factory Reactor  
  102  8:54  Marauder  
  106  8:58  Marine x3  
  106  9:01  Supply Depot  
  106  9:02  Marauder  
  111  9:05  Supply Depot x2  
  111  9:08  Marine, Medivac  
  114  9:15  Marauder  
  114  9:16  Marauder  
  118  9:22  Marine x2  
  122  9:24  Supply Depot  
Show
View Real Time Build Order
Export as new Build Order

Saft Protoss 

Build Orders: Oracle Opening, Carrier Rush 

Get SALT Encoding   

  12  0:01  Probe (Chrono Boost)  
  13  0:12  Probe (Chrono Boost)  
  14  0:18  Pylon  
  14  0:23  Probe (Chrono Boost)  
  15  0:36  Probe (Chrono Boost)  
  15  0:38  Gateway  
  16  0:47  Probe (Chrono Boost)  
  16  0:49  Assimilator  
  17  0:56  Assimilator  
  17  0:58  Probe (Chrono Boost)  
  18  1:09  Probe (Chrono Boost)  
  19  1:19  Probe (Chrono Boost)  
  20  1:26  Cybernetics Core  
  20  1:29  Pylon  
  20  1:30  Probe (Chrono Boost)  
  21  1:40  Probe (Chrono Boost)  
  22  1:51  Probe (Chrono Boost)  
  23  2:01  Probe (Chrono Boost)  
  23  2:04  Adept (Chrono Boost), Stargate  
  26  2:10  Warp Gate (Chrono Boost)  
  26  2:12  Pylon  
  26  2:14  Probe  
  27  2:31  Adept (Chrono Boost)  
  27  2:35  Probe  
  30  2:48  Pylon  
  30  2:49  Oracle (Chrono Boost)  
  33  2:56  Adept  
  35  3:14  Gateway  
  35  3:18  Gateway  
  35  3:29  Probe  
  36  3:34  Fleet Beacon  
  36  4:01  Nexus  
  36  4:12  Probe  
  34  4:25  Probe  
  34  4:29  Carrier (Chrono Boost)  
  41  4:40  Adept x2  
  41  4:41  Adept  
  39  4:57  Mothership Core  
  40  5:02  Adept x2  
  40  5:03  Adept  
  41  5:14  Probe  
  41  5:18  Probe  
  43  5:24  Adept x3  
  43  5:25  Probe  
  46  5:39  Probe  
  46  5:40  Probe, Pylon  
  46  5:49  Probe  
  46  5:52  Probe  
  54  6:09  Adept x2  
  52  6:26  Adept  
  52  6:31  Carrier (Chrono Boost)  
  54  6:45  Assimilator  
  54  6:47  Assimilator  
  54  6:50  Pylon  
  54  6:52  Pylon  
  54  6:54  Pylon  
  54  7:11  Probe x2 (Chrono Boost)  
  52  7:15  Adept  
  52  7:16  Adept x2  
  48  7:33  Probe (Chrono Boost)  
  48  7:35  Probe (Chrono Boost)  
  44  7:43  Adept x2  
  49  7:44  Probe (Chrono Boost)  
  49  7:51  Stargate  
  49  7:52  Probe (Chrono Boost)  
  49  7:54  Probe (Chrono Boost), Stargate  
  51  8:06  Adept x2  
  51  8:12  Probe x2 (Chrono Boost)  
  51  8:14  Pylon  
  51  8:17  Pylon  
  51  8:19  Pylon  
  51  8:24  Pylon  
  51  8:25  Pylon  
  51  8:26  Probe x2 (Chrono Boost)  
  53  8:29  Sentry x2  
  69  9:10  Adept x2  
Tags
 
Add a new tag
Caveats
  • Supply blocks, unpowered buildings, or Contaminate may cause inaccurate times.
  • Supply counts are checked every 10 seconds.